[Event "21st Bangkok CC Open 2024"]
[Site "Bangkok"]
[Date "2024.04.13"]
[Round "1.1"]
[White "Kavin Vijayakumar"]
[Black "Bernadskiy, Vitaliy"]
[Result "0-1"]
[ECO "A23"]
[WhiteElo "1966"]
[BlackElo "2561"]
[Annotator "TA"]
[PlyCount "70"]
[EventDate "2024.04.13"]
[EventType "swiss"]
[EventCountry "THA"]
[SourceTitle "playchess.com"]
[Source "ChessBase"]
[SourceQuality "1"]
[TimeControl "40/5400+30:1800+30"]

1. c4 e5 2. g3 Nf6 3. Bg2 c6 4. Nc3 d5 5. cxd5 cxd5 6. Qb3 Bc5 7. Nxd5 O-O 8. e3 Nc6 {[%emt 0:00:35] And now ...Be6 would win. The position is equal.} 9. Ne2 Nxd5 10. Qxd5 Qb6 {[%emt 0:04:57] [#] Strongly threatening ...Nb4.} 11. O-O Be6 12. Qe4 Qa6 13. d4 Qxe2 14. dxc5 (14. d5 $5) 14... Rfd8 {[%emt 0:00:08] ...Rd1 would now be deadly.} 15. b3 Bd5 16. Qa4 Bxg2 17. Kxg2 Rd5 18. Ba3 Rad8 19. Rfe1 Qh5 20. Qb5 $2 {[%emt 0:00:26][%mdl 8192] Black keeps a firm grip on the game.} (20. Qe4 $11 {and White stays safe.}) 20... e4 $19 {[%emt 0:02:52] White is weak on the light squares} 21. Qe2 Qf5 {[%emt 0:00:26] ...Rd2 is the strong threat.} 22. Qb5 $2 (22. Bc1) 22... Ne5 {[%emt 0:01:40] aiming for ...Qf3+.} 23. Qxb7 Rd2 (23... Ng4 $142 24. Qxf7+ Kxf7 25. h4 Qxf2+ (25... Qf3+ {gets mated.} 26. Kh3 Rh5 27. Red1 g5 28. Rd7+ Rxd7 29. Rg1 Rxh4#) 26. Kh3 Qh2+ (26... Nxe3 27. Rxe3 Rd2 28. Rae1 Qf5+ 29. g4 Qf2 30. R1e2 Rxe2 31. Rxe2 Rd3+ 32. Re3 Rxe3#) 27. Kxg4 h5+ 28. Kf4 Qf2+ 29. Kxe4 Qf5#) 24. Rf1 Ng4 {[%emt 0:00:13] ( -> ...Qf3+)} 25. Qc7 Nxe3+ 26. Kg1 {[%emt 0:00:32] [#]} Qh3 $1 27. Qxd8+ Rxd8 28. fxe3 Rd2 29. Rf2 Rxf2 30. Kxf2 Qxh2+ {[%emt 0:00:04] KQ-KRB} 31. Ke1 Qg1+ 32. Kd2 Qxa1 33. c6 Qxa2+ {[%emt 0:00:05] Black mates.} 34. Kc3 Qxa3 35. c7 Qc5+ {[%emt 0:00:05] Weighted Error Value: White=0.78/Black=0.24 (precise) .  Loses game:     	White=1     	---        Mistake:       	White=1     	---        Inaccurate:     	White=2     	---        OK:         	White=2     	Black=6      Best:        	---       	Black=2} 0-1

[Event "21st Bangkok CC Open 2024"]
[Site "Bangkok"]
[Date "2024.04.13"]
[Round "1.2"]
[White "Pranesh M"]
[Black "Lozano, Arvie"]
[Result "1-0"]
[ECO "B12"]
[WhiteElo "2538"]
[BlackElo "1966"]
[Annotator "TA"]
[PlyCount "63"]
[EventDate "2024.04.13"]
[EventType "swiss"]
[EventCountry "THA"]
[SourceTitle "playchess.com"]
[Source "ChessBase"]
[SourceQuality "1"]
[TimeControl "40/5400+30:1800+30"]

1. e4 c6 2. d4 d5 3. e5 e6 4. c3 c5 5. Nf3 Nc6 6. Bd3 Qb6 7. O-O Bd7 8. dxc5 $1 {[%emt 0:00:30] White is better.} Bxc5 9. b4 Be7 10. Re1 f6 {[%emt 0:00:30] [#]} 11. Be3 $1 Qc7 12. Bf4 {[%emt 0:00:30] b5 is the strong threat.} Qb6 13. b5 Na5 14. Nd4 f5 15. Nd2 Bc5 16. Qh5+ g6 17. Qh4 {[%emt 0:00:30] White is much more active.} Bxd4 18. cxd4 Qxd4 19. Bf1 Rc8 (19... h6 $16 20. Rac1 (20. Nf3 Qa4 $18) 20... Qb4) 20. a4 {[%emt 0:00:30][%mdl 1024] White has strong compensation.} b6 21. Nf3 Qb4 22. Reb1 $36 {[%emt 0:00:30][%mdl 2048] White is really pushing.} Qc3 (22... Qf8 $16 23. Bd2 Nc4) 23. Bd2 Qc2 24. Bf4 {[%emt 0:00:30] Black must now prevent Rc1.} Qc3 25. Bg5 {[%emt 0:00:30] Hoping for Rc1.} Nc4 (25... Qc2 {was necessary.} 26. Qg3 Nb7) 26. Rc1 $18 Qb2 27. Rab1 Qa2 28. Ra1 Qb2 29. Bxc4 Rxc4 30. Rxc4 dxc4 $2 {[%emt 0:00:30] [#]} (30... Qxa1+ 31. Rc1 Qb2) 31. Rd1 $1 Qb3 32. Qd4 {[%emt 0:00:30] Weighted Error Value: White=0.44/Black=0.33.  Mistake:       	---       	Black=4      Inaccurate:     	White=2     	Black=4      OK:         	White=12    	Black=7      Best:        	---       	Black=1      Strong:       	White=3     	---} 1-0

[Event "21st Bangkok CC Open 2024"]
[Site "Bangkok"]
[Date "2024.04.13"]
[Round "1.3"]
[White "Shen, Zhiyuan"]
[Black "Mitrabha, Guha"]
[Result "1/2-1/2"]
[ECO "B13"]
[WhiteElo "1963"]
[BlackElo "2537"]
[Annotator "TA"]
[PlyCount "103"]
[EventDate "2024.04.13"]
[EventType "swiss"]
[EventCountry "THA"]
[SourceTitle "playchess.com"]
[Source "ChessBase"]
[SourceQuality "1"]
[TimeControl "40/5400+30:1800+30"]

1. e4 c6 2. d4 d5 3. exd5 cxd5 4. Bd3 Nc6 5. c3 Nf6 6. Bf4 Bg4 7. Qb3 Qd7 8. Nd2 e6 9. Ngf3 Bd6 10. Bxd6 Qxd6 11. O-O O-O 12. Rfe1 Qc7 13. Qc2 {[%emt 0:04:39] White has an edge.} Rfc8 14. Rac1 Bh5 15. Ne5 Rab8 16. h3 Bg6 17. Bxg6 hxg6 18. Qd3 Nxe5 19. Rxe5 a5 20. Ree1 b5 21. Nf3 b4 22. Ne5 bxc3 23. Rxc3 Qb6 24. Rec1 Rxc3 25. Qxc3 Rf8 (25... Qxb2 26. Qxb2 Rxb2 27. Rc8+ Kh7 28. Nxf7) 26. b3 Ne4 27. Qe3 {[%emt 0:04:57] [#] Hoping for Nd7.} Qb4 28. Rc7 (28. Nc6 $14 Qb6 29. Qf4) 28... a4 $11 29. Qf4 axb3 (29... g5 $5 30. Qe3 $8 axb3 31. axb3 Qb6 $11) 30. axb3 g5 31. Qe3 {[%emt 0:01:16] Against Qe1+} Qa5 32. Qc1 Qa2 33. Qe3 f6 34. Nd7 Ra8 35. Nc5 {[%emt 0:01:06] Active counter play!} Qb1+ 36. Kh2 Ra1 {[%emt 0:00:03][%csl Ga1][%cal Rb1h1] [#]} 37. Nxe4 dxe4 $15 {[%emt 0:00:02][%mdl 4096] Endgame. KQR-KQR} (37... Qxe4 {simplifies} 38. Qxe4 dxe4 39. b4 Rb1) 38. Rc8+ Kh7 39. Qe2 $1 Qg1+ (39... Qxb3 40. Qh5#) 40. Kg3 Qd1 $1 41. Qxe4+ f5 42. Qf3 (42. Qxe6 $2 {gets mated.} f4+ 43. Kh2 Qh1#) 42... f4+ 43. Kg4 Qxd4 44. Rc4 (44. Kxg5 {is a self mate.} Qf6+ 45. Kg4 Qf5+ 46. Kh4 Ra5 (46... g5+ 47. Kh5 g4+ 48. Kh4 gxf3 49. g4 fxg3 50. fxg3 Qf6+ 51. Kh5 Ra5+ 52. Rc5 Rxc5+ 53. Kg4 Rg5+ 54. Kh4 Qh6#) (46... g5+ 47. Kh5 g4+ 48. Kh4 gxf3 49. g4 fxg3 50. fxg3 Qf6+ 51. Kg4 Qd4+ 52. Kxf3 Rf1+ 53. Ke2 Rf2+ 54. Ke1 Qd2#)) (44. Qc3 {simplifies} Qxc3 45. Rxc3 Kh6 46. g3) 44... Qf6 {[%emt 0:00:00] ( -> ...Qf5+). The position is equal.} 45. Qe4+ g6 46. Rc6 Re1 47. Qxe1 Qf5+ 48. Kf3 Qd5+ 49. Qe4 {[%emt 0:00:00] Qxd5 would kill now.} ({Don't do} 49. Ke2 $6 Qxc6 50. Qd1 e5 $14) 49... Qd1+ 50. Qe2 Qd5+ 51. Qe4 Qd1+ 52. Qe2 {[%emt 0:00:00] Weighted Error Value: White=0.06 (flawless) /Black=0.23 (precise) .  Missed win:     	White=1     	---        Mistake:       	White=1     	---        Inaccurate:     	White=3     	Black=3      OK:         	White=9     	Black=20     Best:        	White=4     	Black=3      Strong:       	White=1     	Black=1} 1/2-1/2

[Event "21st Bangkok CC Open 2024"]
[Site "Bangkok"]
[Date "2024.04.13"]
[Round "1.4"]
[White "Peng, Xiongjian"]
[Black "Shen, Ree Herng"]
[Result "1-0"]
[ECO "E66"]
[WhiteElo "2521"]
[BlackElo "1956"]
[Annotator "TA"]
[PlyCount "95"]
[EventDate "2024.04.13"]
[EventType "swiss"]
[EventCountry "THA"]
[SourceTitle "playchess.com"]
[Source "ChessBase"]
[SourceQuality "1"]
[TimeControl "40/5400+30:1800+30"]

1. Nf3 Nf6 2. c4 g6 3. Nc3 Bg7 4. d4 d6 5. g3 O-O 6. Bg2 c5 7. O-O Nc6 8. d5 Na5 9. Nd2 a6 10. Rb1 Rb8 11. a3 b5 12. cxb5 axb5 13. b4 cxb4 {[%emt 0:03:11] The position is equal.} 14. axb4 Nc4 15. Qb3 Nxd2 16. Bxd2 Bd7 17. Rfc1 Ng4 18. Nd1 Qb6 19. h3 Ne5 20. Be3 Qb7 21. Nb2 {[%emt 0:02:58] Wards off Nc4} f5 ({Black should play} 21... Ra8 $15) 22. f4 $36 {[%emt 0:04:10][%mdl 2048] White has the initiative.} Nf7 23. Ra1 Ra8 {[%emt 0:02:21] Dodges Ra7} 24. Ra5 Rfc8 25. Rxc8+ Qxc8 26. Nd3 Rxa5 $4 {[%emt 0:11:50][%mdl 8192] This move loses the game for Black.} (26... Bf6 $11) 27. bxa5 $18 Qc3 28. Qxc3 Bxc3 29. a6 Bc8 {[%emt 0:01:02] [#]} 30. Nc5 Bxa6 (30... dxc5 $2 {is the wrong capture.} 31. a7 Nd6 32. a8=Q $18 (32. a8=B $2 c4 $19)) 31. Nxa6 b4 32. Nc7 b3 {[%emt 0:00:41] And now ...b2 would win.} 33. Nb5 Bf6 34. Kf1 Nd8 35. Ke1 Nb7 36. Bb6 Nc5 37. Bxc5 dxc5 38. d6 e6 $2 (38... Kg7 39. Bd5 b2) 39. Kd2 Kf7 40. e3 g5 41. Bf1 gxf4 42. gxf4 b2 43. Kc2 {[%emt 0:00:05] [#] Black must now prevent Bc4.} e5 44. Bc4+ Ke8 45. Be6 (45. Kxb2 exf4+ 46. Kc2 fxe3 $18) 45... exf4 46. exf4 {[%emt 0:00:04][%cal Ob5a7] White wants to mate with Na7!} Bg7 47. Na7 Bf6 48. Nc6 {[%emt 0:00:06] Weighted Error Value: White=0.07 (flawless) /Black=0.65.  Loses game:     	---       	Black=1      Mistake:       	---       	Black=2      Inaccurate:     	White=2     	Black=3      OK:         	White=13    	Black=12     Best:        	White=2     	Black=1} 1-0

[Event "21st Bangkok CC Open 2024"]
[Site "Bangkok"]
[Date "2024.04.13"]
[Round "1.5"]
[White "Siddharth, Gopakumar"]
[Black "Makhnev, Denis"]
[Result "0-1"]
[ECO "B06"]
[WhiteElo "1956"]
[BlackElo "2516"]
[Annotator "TA"]
[PlyCount "56"]
[EventDate "2024.04.13"]
[EventType "swiss"]
[EventCountry "THA"]
[SourceTitle "playchess.com"]
[Source "ChessBase"]
[SourceQuality "1"]
[TimeControl "40/5400+30:1800+30"]

1. e4 g6 2. d4 Bg7 3. Nc3 d6 4. f4 a6 5. Nf3 b5 6. a3 Nd7 7. Be3 Bb7 $1 8. d5 {[%emt 0:06:25] The position is equal.} Ngf6 9. Bd4 O-O 10. Bd3 c5 (10... e6 $17 11. O-O exd5 12. exd5 Nxd5 13. Bxg7 Kxg7 14. Nxd5 Bxd5) 11. dxc6 $15 Bxc6 12. O-O Qc7 13. Qe2 e5 14. fxe5 dxe5 15. Bf2 Nh5 16. g3 Nhf6 17. h3 Bb7 18. a4 b4 19. Na2 Nc5 20. Nxb4 $2 {[%emt 0:01:15][%mdl 8192] [#] Now White is beyond hope.} (20. Bxc5 $17 Qxc5+ 21. Kh2) 20... Nfxe4 21. Bxe4 Nxe4 {[%emt 0:00:17] Black is clearly winning.} ({Weaker is} 21... Bxe4 22. Ra3 $17) 22. c3 a5 23. Nc2 f5 {[%emt 0:00:43] aiming for ...Ba6.} 24. Rfd1 (24. Ne3 $142) 24... f4 $19 25. g4 Nxf2 26. Qxf2 e4 27. Nfd4 e3 28. Qh2 Qb6 {[%emt 0:00:25] Weighted Error Value: White=0.67/Black=0.07 (flawless) .  Loses game:     	White=1     	---        Mistake:       	White=1     	Black=1      Inaccurate:     	White=4     	Black=1      OK:         	White=5     	Black=7      Strong:       	---       	Black=1} 0-1

[Event "21st Bangkok CC Open 2024"]
[Site "Bangkok"]
[Date "2024.04.13"]
[Round "1.6"]
[White "Samant Aditya S"]
[Black "Tobor, Mick"]
[Result "1-0"]
[ECO "B90"]
[WhiteElo "2512"]
[BlackElo "1952"]
[Annotator "RC"]
[PlyCount "53"]
[EventDate "2024.04.13"]
[EventType "swiss"]
[EventCountry "THA"]
[SourceTitle "playchess.com"]
[Source "ChessBase"]
[SourceQuality "1"]
[TimeControl "40/5400+30:1800+30"]

1. e4 c5 2. Nf3 d6 3. d4 cxd4 4. Nxd4 Nf6 5. Nc3 a6 6. Be3 e5 7. Nf3 Be7 8. Bc4 O-O 9. O-O Qc7 10. Bb3 Nbd7 11. Bg5 h6 12. Bxf6 Nxf6 13. Nh4 Kh8 14. Qd3 g5 15. Nf3 Be6 16. Nd2 Bxb3 17. axb3 b5 18. Rfd1 Kg7 19. Nf1 b4 20. Nd5 Nxd5 21. Qxd5 f5 22. exf5 Qxc2 23. Qe6 Qxf5 24. Qxe7+ Rf7 25. Qxd6 Qxf2+ 26. Kh1 Re8 27. Ng3 1-0

[Event "21st Bangkok CC Open 2024"]
[Site "Bangkok"]
[Date "2024.04.13"]
[Round "1.7"]
[White "Dinesh Rajan M"]
[Black "Lalit Babu M R"]
[Result "0-1"]
[ECO "C54"]
[WhiteElo "1948"]
[BlackElo "2508"]
[Annotator "TA"]
[PlyCount "90"]
[EventDate "2024.04.13"]
[EventType "swiss"]
[EventCountry "THA"]
[SourceTitle "playchess.com"]
[Source "ChessBase"]
[SourceQuality "1"]
[TimeControl "40/5400+30:1800+30"]

1. e4 e5 2. Nf3 Nc6 3. Bc4 Bc5 4. c3 Nf6 5. d4 exd4 6. b4 (6. e5 $11 d5 7. Bb5) 6... Bb6 $15 7. e5 d5 8. exf6 {[%emt 0:00:21] Black is slightly better.} dxc4 9. Qe2+ Be6 10. b5 d3 (10... Na5 $1 $15 11. fxg7 Rg8 12. Nxd4 Rxg7 13. Nxe6 fxe6) 11. Qe4 $1 $11 Nb4 12. O-O $1 Nc2 (12... Qxf6 $6 13. Bg5 Qg6 14. Qxg6 hxg6 15. cxb4 $16) 13. fxg7 Rg8 14. Bg5 Qd5 15. Qxh7 Kd7 $36 {[%emt 0:07:13][%cal Oe6f5][%mdl 2048] White must now prevent ...Bf5! Black has the initiative.} 16. Nbd2 $1 Bf5 {[%emt 0:05:24] Some like it hot} 17. Qh4 {[%emt 0:02:19][%cal Og5f6] Hoping for Bf6!} (17. Qh5 $5 Bg6 (17... Rxg7 18. Bf6 $11) 18. Qh3+ Bf5 19. g4 Rxg7 20. gxf5 Rxg5+ (20... f6 21. Qh6 $16) 21. Nxg5 $11) 17... Nxa1 (17... Rxg7 $6 18. Rfe1 Nxe1 (18... Qxb5 $2 19. Ne5+ $18) 19. Rxe1 Rxg5 (19... Qxb5 $2 20. Ne5+ $18) 20. Ne5+ Kc8 21. Qxg5 $18) 18. Rxa1 Rae8 (18... Qxb5 $2 19. Re1 Be6 (19... Rxg7 $2 20. Ne5+ $18) 20. Ne5+ Kc8 21. Qh7 Bxf2+ (21... Qe8 $2 22. Ne4 $18) 22. Kxf2 $18) 19. Bf6 Qxb5 20. Qh5 {[%emt 0:05:35][%cal Og2g4] Threatens to win with g4!} Kc8 {[%emt 0:03:05] ...Bd7 is the strong threat.} 21. Qxf7 (21. Re1 $1 $11 Rxe1+ 22. Nxe1) 21... Be6 $17 22. Qg6 Qf5 (22... Bd5 $17 {...Bxf3 would now be deadly.} 23. Qg5 a6) 23. Qxf5 $11 Bxf5 24. Nxc4 Bc5 25. Nd4 {[%emt 0:02:12] Wards off Re2} Bxd4 26. Bxd4 Re2 27. Kf1 $1 Be6 28. Ne3 c5 $1 29. Bf6 Kd7 30. Rd1 c4 31. h4 Ke8 32. g4 Kf7 33. Bd4 Rd8 34. Kg2 $2 {[%emt 0:00:43][%mdl 8192] [#]} (34. h5 $11) 34... Rxd4 $1 $19 35. cxd4 {[%emt 0:01:03] [#] aiming for d5.} Rxe3 $1 (35... Kxg7 36. Kf3 $11) 36. fxe3 Bxg4 {[%emt 0:00:04][%mdl 4096] Endgame. KR-KB} 37. Rd2 Bf5 38. Kf1 {[%emt 0:02:39] And now Rf2 would win.} (38. Rf2 c3 39. Rxf5+ Kxg7) 38... c3 39. Rg2 (39. Rf2 $2 c2 40. Rxf5+ Kxg7 $19) 39... Kg8 {[%emt 0:00:04][%mdl 1024] Black has strong compensation.} 40. Ke1 Bd7 $2 (40... Be4 $19 41. Rf2 Kxg7) 41. Rg1 $11 Be8 42. d5 $2 (42. Rg5 $11) 42... Bh5 $19 {[%emt 0:00:33] ( -> ...d2+)} 43. Kf2 d2 {[%emt 0:00:36] Black mates.} 44. d6 c2 (44... d1=R $2 {loses.} 45. Rxd1 Kxg7 46. d7 Bxd1 47. d8=Q $18 (47. d8=R c2 $18)) 45. d7 d1=Q {[%emt 0:00:05] Weighted Error Value: White=0.40/Black=0.16 (very precise) .  Loses game:     	White=2     	---        Missed win:     	---       	Black=1      Mistake:       	White=1     	Black=2      Inaccurate:     	White=2     	Black=2      OK:         	White=14    	Black=15     Best:        	White=3     	Black=6      Strong:       	White=4     	Black=2      Brilliant:      	---       	Black=1} 0-1

[Event "21st Bangkok CC Open 2024"]
[Site "Bangkok"]
[Date "2024.04.13"]
[Round "1.8"]
[White "Das, Sayantan"]
[Black "Jain, Kushagra"]
[Result "1-0"]
[ECO "B52"]
[WhiteElo "2507"]
[BlackElo "1942"]
[Annotator "TA"]
[PlyCount "63"]
[EventDate "2024.04.13"]
[EventType "swiss"]
[EventCountry "THA"]
[SourceTitle "playchess.com"]
[Source "ChessBase"]
[SourceQuality "1"]
[TimeControl "40/5400+30:1800+30"]

1. e4 c5 2. Nf3 d6 3. Bb5+ Bd7 4. c4 Nf6 5. Nc3 g6 6. O-O Bg7 7. d3 O-O 8. Be3 {[%emt 0:01:34] The position is equal.} Nc6 9. h3 a6 10. Ba4 Rb8 11. Rb1 e5 12. Bg5 h6 13. Bxf6 Bxf6 14. a3 Bg7 15. b4 cxb4 16. axb4 f5 17. b5 axb5 18. Bxb5 g5 19. Nh2 Kh7 20. Ba4 Be6 21. Qd2 Nd4 22. Bd1 Qa5 23. Qe1 Qc5 24. Nf3 Rfc8 (24... g4 $11 25. exf5 gxf3 26. fxe6 fxg2 27. Kxg2 Nxe6) 25. exf5 $16 Nxf5 $2 {[%emt 0:00:28][%mdl 8192] This costs Black the game.} (25... Bxf5 $16 26. Ne4 Nxf3+ 27. Bxf3 Qc7) 26. Ne4 Qa3 27. Rb3 Qa2 {[%emt 0:00:29] [#]} (27... Qa7 28. Nfxg5+ hxg5 29. Nxg5+ Kh8 30. Nxe6 Re8) 28. Nexg5+ $1 $18 {[%emt 0:00:59][%mdl 512] White is clearly winning.} hxg5 29. Nxg5+ Kg8 30. Nxe6 Re8 31. Nxg7 Kxg7 32. Qe4 {[%emt 0:00:42][%csl LRb7,LRf5] Weighted Error Value: White=0.09 (flawless) /Black=0.39.  Loses game:     	---       	Black=1      Mistake:       	---       	Black=2      Inaccurate:     	White=3     	Black=1      OK:         	White=11    	Black=6} 1-0

[Event "21st Bangkok CC Open 2024"]
[Site "Bangkok"]
[Date "2024.04.13"]
[Round "1.9"]
[White "Mejia, Cherry Ann"]
[Black "Sengupta, Deep"]
[Result "0-1"]
[ECO "C01"]
[WhiteElo "1941"]
[BlackElo "2500"]
[Annotator "RC"]
[PlyCount "142"]
[EventDate "2024.04.13"]
[EventType "swiss"]
[EventCountry "THA"]
[SourceTitle "playchess.com"]
[Source "ChessBase"]
[SourceQuality "1"]
[TimeControl "40/5400+30:1800+30"]

1. e4 e6 2. d4 d5 3. Bd3 c5 4. exd5 exd5 5. Nc3 c4 6. Be2 Nc6 7. Bf3 Bb4 8. Nge2 Be6 9. O-O Nge7 10. a3 Ba5 11. Nf4 O-O 12. Na4 Bc7 13. Nc5 Bc8 14. g3 Bxf4 15. Bxf4 Nf5 16. Be3 Nce7 17. Qd2 Qe8 18. b3 b6 19. Na4 Be6 20. Nc3 cxb3 21. cxb3 Qd7 22. Rac1 Rfc8 23. a4 h6 24. Ne2 Nd6 25. Nf4 Ne4 26. Qe2 Bf5 27. Bg2 Qd6 28. Qb2 Nc6 29. f3 Nf6 30. Bd2 Re8 31. Rfe1 g5 32. Nh3 a5 33. Nf2 Nb4 34. Bf1 Kg7 35. Re5 Bg6 36. Bxb4 Qxb4 37. Bd3 Rec8 38. Bxg6 Rxc1+ 39. Qxc1 Qxd4 40. Re7 Kxg6 41. Qc7 Rf8 42. Kg2 Kg7 43. Qc6 g4 44. f4 Qc5 45. Qxc5 bxc5 46. Rc7 Rb8 47. Rxc5 Rb6 48. b4 Rxb4 49. Rxa5 Rb3 50. Ra7 Ra3 51. Ra8 d4 52. a5 Ra2 53. Kg1 Nd5 54. Nxg4 d3 55. Rd8 d2 56. Nf2 Ne3 57. h3 Rxa5 58. Kh2 Ra2 59. Kg1 Ra1+ 60. Kh2 d1=Q 61. Nxd1 Rxd1 62. Ra8 Rd2+ 63. Kh1 Nf5 64. Ra3 h5 65. g4 Nd4 66. f5 h4 67. Kg1 Kf6 68. Ra6+ Kg5 69. Ra7 Kf4 70. Ra3 Nf3+ 71. Kf1 Kg3 0-1

[Event "21st Bangkok CC Open 2024"]
[Site "Bangkok"]
[Date "2024.04.13"]
[Round "1.10"]
[White "Zhao, Zong-Yuan"]
[Black "Doroy, Allanney Jia"]
[Result "1-0"]
[ECO "A40"]
[WhiteElo "2485"]
[BlackElo "1939"]
[Annotator "RC"]
[PlyCount "158"]
[EventDate "2024.04.13"]
[EventType "swiss"]
[EventCountry "THA"]
[SourceTitle "playchess.com"]
[Source "ChessBase"]
[SourceQuality "1"]
[TimeControl "40/5400+30:1800+30"]

1. e4 c5 2. Nf3 g6 3. d4 cxd4 4. Nxd4 Bg7 5. c4 Qb6 6. Nb3 Nc6 7. Be3 Qd8 8. Qd2 Nf6 9. Nc3 O-O 10. Be2 d6 11. f3 Be6 12. O-O Rc8 13. Nd5 Nd7 14. Rac1 b6 15. Nd4 Nxd4 16. Bxd4 Bxd4+ 17. Qxd4 Ne5 18. f4 Nc6 19. Qe3 Qd7 20. Rc3 f5 21. Bf3 fxe4 22. Bxe4 Rce8 23. Qd2 Bf5 24. Nxb6 axb6 25. Qd5+ Qe6 26. Bxf5 Qxd5 27. cxd5 Rxf5 28. dxc6 Rc8 29. b4 b5 30. g3 Kf7 31. Rb1 Ke8 32. a4 Kd8 33. a5 Kc7 34. Re1 Rf7 35. Re6 Kd8 36. Kf2 g5 37. Ke3 gxf4+ 38. gxf4 Rg7 39. Rh6 Kc7 40. Rh5 Rb8 41. Rg5 Rf7 42. Ke4 e6 43. f5 exf5+ 44. Rxf5 Re8+ 45. Kf4 Rxf5+ 46. Kxf5 Re2 47. h3 Rb2 48. Ra3 Kxc6 49. a6 Rf2+ 50. Ke4 Re2+ 51. Kf3 Re8 52. a7 Kb7 53. Ra5 Ka8 54. Ra6 Re6 55. h4 Rh6 56. Kg4 Rg6+ 57. Kf5 Rh6 58. Kg5 Rg6+ 59. Kh5 Re6 60. Ra5 Rf6 61. Rxb5 Kxa7 62. Kg5 Rg6+ 63. Kf4 Ka6 64. Rh5 Rg7 65. Rd5 Rg6 66. h5 Re6 67. Kf5 Rh6 68. Kg5 Re6 69. h6 Kb6 70. Rf5 Rg6+ 71. Kh5 Rg1 72. Rf6 Kc6 73. b5+ Kc5 74. b6 Rb1 75. Rf7 Rh1+ 76. Kg4 Rxh6 77. b7 Rg6+ 78. Kf5 Rg8 79. Rc7+ Kd5 1-0

[Event "21st Bangkok CC Open 2024"]
[Site "Bangkok"]
[Date "2024.04.14"]
[Round "2.1"]
[White "Bernadskiy, Vitaliy"]
[Black "Kamalsyah, Muhammad"]
[Result "1-0"]
[ECO "B42"]
[WhiteElo "2561"]
[BlackElo "2177"]
[Annotator "TA"]
[PlyCount "81"]
[EventDate "2024.04.13"]
[EventType "swiss"]
[EventCountry "THA"]
[SourceTitle "playchess.com"]
[Source "ChessBase"]
[SourceQuality "1"]
[TimeControl "40/5400+30:1800+30"]

1. e4 c5 2. Nf3 e6 3. d4 cxd4 4. Nxd4 a6 5. Bd3 Nf6 6. O-O Qc7 7. Qe2 d6 8. c4 g6 9. Nc3 Bg7 10. Bg5 O-O 11. Qd2 Ng4 12. Be2 {[%emt 0:02:44] White is better.} Ne5 13. Rac1 f6 14. Be3 Nf7 15. f4 Nc6 16. f5 (16. Rfd1 $16) 16... Nxd4 $14 17. Qxd4 {[%emt 0:00:04] White stays focused until the end.} Qe7 18. Rcd1 {[%emt 0:02:51] White is much more active.} b5 (18... exf5 $142 19. exf5 Bxf5) 19. cxb5 $16 axb5 20. Bxb5 exf5 21. exf5 Bxf5 {[%emt 0:00:49] [#]} 22. Nd5 $1 Qe5 23. a4 Kh8 (23... Bc2 $16) 24. Qxe5 (24. b4 Bc2 25. a5 Rab8) 24... Nxe5 25. Nb6 {[%emt 0:00:25][%csl LRa8,LRd6] Repels Bd7} Rad8 26. a5 Be4 27. a6 f5 28. a7 Rf7 29. Bg5 Rdf8 30. Ra1 (30. Rxd6 Rxa7 31. Rd2 Rb8 $15) 30... Ng4 {[%emt 0:01:53] [#]} 31. Rfd1 {[%emt 0:01:19][%cal Ob5c4] Repels Bd4+. Bc4! would now be deadly.} (31. a8=R Bd4+ 32. Kh1 Bxb6 33. Rxf8+ Rxf8 $16) (31. a8=Q $6 Bxa8 32. Nxa8 Bd4+ (32... Bxb2 33. Ra4 $18) 33. Kh1 h6 $16) 31... Bxb2 32. Ra2 (32. a8=R Bxa8 33. Rxa8 Rxa8 34. Nxa8 Rb7 $18) 32... Bc3 (32... h6) 33. Bc4 $18 (33. a8=B Bxa8 34. Rxa8 Rxa8 35. Nxa8 Rb7 $18) (33. Rxd6 Be5 34. Re6 (34. a8=Q Bxa8 35. Rd1 Bxh2+ 36. Kh1 Bb7 $17) 34... Bd4+ 35. Kf1 Kg7 $16) 33... Bb4 34. Bxf7 {[%emt 0:00:45] Threatens to win with Bd5.} (34. a8=N Bc5+ 35. Kh1 Rb7 $11) 34... Bc5+ 35. Kf1 {[%emt 0:00:28] Black must now prevent Bd5.} (35. Kh1 Rxf7 36. a8=Q+ (36. a8=B Bxb6 37. Rxd6 Bc7 $11) 36... Bxa8 $18) 35... Bxb6 (35... Rxf7 $142 36. a8=Q+ (36. a8=B Bxb6 37. h3 Ne3+ 38. Bxe3 Bxe3 $14) 36... Bxa8) 36. Bd5 Bxd5 37. Rxd5 Re8 38. Bf4 (38. a8=R $2 Nxh2#) 38... Bxa7 39. Rxa7 Kg8 40. h3 ({Inferior is} 40. Bxd6 Ne3+ 41. Kg1 Nxd5 $15) (40. Rxd6 $142 g5 41. Bxg5 f4 42. h3 (42. Bxf4 Rf8 $18) 42... Ne5 43. Bf6 (43. Bxf4 Rf8 $18) 43... Nf7 44. Rdd7 Rf8 45. Be7) 40... Nf6 41. Rxd6 {[%emt 0:00:26] Weighted Error Value: White=0.08 (flawless) /Black=0.51.  Mistake:       	White=1     	Black=4      Inaccurate:     	---       	Black=2      OK:         	White=15    	Black=10     Best:        	White=1     	---} 1-0